PAAA
SALT LAKE CITY BUZZ @ OCEANSIDE AVIATORS
08/14/2021
 
TOP OF THE 1ST
Salt Lake City Buzz batting - Pitching for Oceanside Aviators : RHP Jim Unknown
Pitching: RHP Jim Unknown
Batting: RHB Roberto Ríos 0-0: Ball
1-0: Foul Ball, location: 2F
1-1: Ball
2-1: Foul Ball, location: 2F
2-2: Fly out, F4 (Popup, 4)
Batting: RHB Ichiyo Fujii 0-0: Ball
1-0: Fly out, F7 (Flyball, 7M)
Batting: LHB Martín Núñes 0-0: Foul Ball, location: 2F
0-1: Fly out, F7 (Popup, 6D)
Top of the 1st over - 0 run(s), 0 hit(s), 0 error(s), 0 left on base; Salt Lake City 0 - Oceanside 0
BOTTOM OF THE 1ST
Oceanside Aviators batting - Pitching for Salt Lake City Buzz : RHP Don Cunningham
Pitching: RHP Don Cunningham
Batting: RHB Billy Strauss 0-0: Called Strike
0-1: Ball
1-1: Foul Ball, location: 2F
1-2: Ground out 6-3 (Groundball, 6M)
Batting: RHB Paco Rodríguez 0-0: Foul Ball, location: 2F
0-1: Ball
1-1: Ball
2-1: Foul Ball, location: 2F
2-2: Ball
3-2: Strikes out looking
Batting: RHB Kyle Bywaters 0-0: Foul Ball, location: 2F
0-1: Ball
1-1: Ground out 1-3 (Groundball, 13)
Bottom of the 1st over - 0 run(s), 0 hit(s), 0 error(s), 0 left on base; Salt Lake City 0 - Oceanside 0
TOP OF THE 2ND
Salt Lake City Buzz batting - Pitching for Oceanside Aviators : RHP Jim Unknown
Batting: SHB Wayne Saunders 0-0: Ball
1-0: Ball
2-0: Fly out, F6 (Popup, 56)
Batting: SHB Raymond Bright 0-0: Ball
1-0: Called Strike
1-1: Foul Ball, location: 2F
1-2: Fly out, F8 (Flyball, 8LD)
Batting: SHB Shelby Reusch 0-0: Ball
1-0: Ball
2-0: Ground out 6-3 (Groundball, 6M)
Top of the 2nd over - 0 run(s), 0 hit(s), 0 error(s), 0 left on base; Salt Lake City 0 - Oceanside 0
BOTTOM OF THE 2ND
Oceanside Aviators batting - Pitching for Salt Lake City Buzz : RHP Don Cunningham
Batting: RHB Jesús Martínez 0-0: Ball
1-0: Called Strike
1-1: Foul Ball, location: 2F
1-2: Strikes out swinging
Batting: RHB Sang-yeon Kim 0-0: Called Strike
0-1: Ball
1-1: Called Strike
1-2: Fly out, F7 (Line Drive, 78D)
Batting: RHB Lorenzo Sabastro 0-0: Ball
1-0: Called Strike
1-1: Fly out, F8 (Flyball, 8RM)
Bottom of the 2nd over - 0 run(s), 0 hit(s), 0 error(s), 0 left on base; Salt Lake City 0 - Oceanside 0
TOP OF THE 3RD
Salt Lake City Buzz batting - Pitching for Oceanside Aviators : RHP Jim Unknown
Batting: RHB Larry Brown 0-0: Ball
1-0: Swinging Strike
1-1: Called Strike
1-2: Foul Ball, location: 2F
1-2: Strikes out swinging
Batting: LHB George Huffman 0-0: Ball
1-0: Ball
2-0: Fly out, F9 (Flyball, 89D)
Batting: RHB Bernardo Cruz 0-0: Ball
1-0: Called Strike
1-1: Fly out, F9 (Flyball, 9M)
Top of the 3rd over - 0 run(s), 0 hit(s), 0 error(s), 0 left on base; Salt Lake City 0 - Oceanside 0
BOTTOM OF THE 3RD
Oceanside Aviators batting - Pitching for Salt Lake City Buzz : RHP Don Cunningham
Batting: LHB Guy Riley 0-0: Called Strike
0-1: Ball
1-1: Ground out 4-3 (Groundball, 4)
Batting: RHB Randy García 0-0: Called Strike
0-1: Swinging Strike
0-2: Strikes out swinging
Batting: RHB Dan Finch 0-0: Foul Ball, location: 2F
0-1: Foul Ball, location: 2F
0-2: Ball
1-2: Foul Ball, location: 2F
1-2: Fly out, F7 (Flyball, 7S)
Bottom of the 3rd over - 0 run(s), 0 hit(s), 0 error(s), 0 left on base; Salt Lake City 0 - Oceanside 0
TOP OF THE 4TH
Salt Lake City Buzz batting - Pitching for Oceanside Aviators : RHP Jim Unknown
Batting: RHB Roberto Ríos 0-0: Ball
1-0: Ground out 6-3 (Groundball, 6)
Batting: RHB Ichiyo Fujii 0-0: Called Strike
0-1: Swinging Strike
0-2: Ball
1-2: Foul Ball, location: 2F
1-2: Ball
2-2: Ball
3-2: Base on Balls
Batting: LHB Martín Núñes 0-0: Called Strike
0-1: Ball
1-1: Ball
2-1: Grounds into double play, 4-6-3 (Groundball, 4)
Top of the 4th over - 0 run(s), 0 hit(s), 0 error(s), 0 left on base; Salt Lake City 0 - Oceanside 0
BOTTOM OF THE 4TH
Oceanside Aviators batting - Pitching for Salt Lake City Buzz : RHP Don Cunningham
Batting: RHB Billy Strauss 0-0: Ball
1-0: Ball
2-0: SINGLE (Groundball, 6M)
Batting: RHB Paco Rodríguez 0-0: Ball
Billy Strauss is caught stealing 2nd base
1-0: Foul Ball, location: 2F
1-1: Ball
2-1: SINGLE (Flyball, 6MD)
Batting: RHB Kyle Bywaters 0-0: Grounds into double play, 6-4-3 (Groundball, 6)
Bottom of the 4th over - 0 run(s), 2 hit(s), 0 error(s), 0 left on base; Salt Lake City 0 - Oceanside 0
TOP OF THE 5TH
Salt Lake City Buzz batting - Pitching for Oceanside Aviators : RHP Jim Unknown
Batting: SHB Wayne Saunders 0-0: Ball
1-0: Foul Ball, location: 2F
1-1: Ball
2-1: Ball
3-1: Base on Balls
Batting: SHB Raymond Bright 0-0: Ball
1-0: Ball
2-0: Called Strike
2-1: Ball
3-1: Swinging Strike
3-2: Base on Balls
Wayne Saunders to second
Batting: SHB Shelby Reusch 0-0: Ball
1-0: Bunted foul
1-1: Ball
2-1: Bunted foul
2-2: DOUBLE (Line Drive, 7LS)
Wayne Saunders scores
Raymond Bright to third
Batting: RHB Larry Brown 0-0: Called Strike
0-1: Ball
1-1: Foul Ball, location: 2F
1-2: Strikes out swinging
Batting: LHB George Huffman 0-0: Called Strike
0-1: SINGLE (Groundball, 34)
Raymond Bright scores
Shelby Reusch to third
Runner from 3rd tries for Home, SAFE, no throw or cutoff
Batting: RHB Bernardo Cruz 0-0: Ball
1-0: Ball
2-0: Called Strike
2-1: Called Strike
2-2: Fly out, F3 (Popup, 23F)
Batting: RHB Roberto Ríos 0-0: Fielders Choice at 2nd, 5-4 (Groundball, 56)
Top of the 5th over - 3 run(s), 2 hit(s), 0 error(s), 0 left on base; Salt Lake City 3 - Oceanside 0
BOTTOM OF THE 5TH
Oceanside Aviators batting - Pitching for Salt Lake City Buzz : RHP Don Cunningham
Batting: RHB Jesús Martínez 0-0: Called Strike
0-1: Ball
1-1: Ball
2-1: Foul Ball, location: 2F
2-2: Strikes out swinging
Batting: RHB Sang-yeon Kim 0-0: Ball
1-0: Ball
2-0: SINGLE (Line Drive, 34D)
Batting: RHB Lorenzo Sabastro 0-0: Ball
1-0: Fly out, F9 (Flyball, 89M)
Batting: LHB Guy Riley 0-0: Called Strike
0-1: Ball
1-1: Ball
2-1: Ground out 6-3 (Groundball, 6)
Bottom of the 5th over - 0 run(s), 1 hit(s), 0 error(s), 1 left on base; Salt Lake City 3 - Oceanside 0
TOP OF THE 6TH
Salt Lake City Buzz batting - Pitching for Oceanside Aviators : RHP Jim Unknown
Batting: RHB Ichiyo Fujii 0-0: Swinging Strike
0-1: SINGLE (Line Drive, 6MD)
Batting: LHB Martín Núñes 0-0: Ball
1-0: Ball
Wild Pitch!
Ichiyo Fujii to second
2-0: Ground out U3 (Groundball, 3)
Ichiyo Fujii to third
Batting: SHB Wayne Saunders 0-0: Called Strike
0-1: Ball
1-1: Ball
2-1: Ground out 2-3 (Groundball, 2L)
Batting: SHB Raymond Bright 0-0: Called Strike
0-1: Ball
1-1: SINGLE (Groundball, 3D)
Ichiyo Fujii scores
Batting: SHB Shelby Reusch 0-0: Ball
1-0: Called Strike
1-1: Ball
2-1: Fly out, F8 (Flyball, 8RM)
Top of the 6th over - 1 run(s), 2 hit(s), 0 error(s), 1 left on base; Salt Lake City 4 - Oceanside 0
BOTTOM OF THE 6TH
Oceanside Aviators batting - Pitching for Salt Lake City Buzz : RHP Don Cunningham
Batting: RHB Randy García 0-0: TRIPLE (Line Drive, 7D)
Batting: RHB Dan Finch 0-0: Ball
1-0: Fly out, F4 (Popup, 4MD)
Batting: RHB Billy Strauss 0-0: Ball
1-0: Fly out, F4 (Line Drive, 4MD)
1-0: Lined into DP, 4-5 (Line Drive, 4MD)
Bottom of the 6th over - 0 run(s), 1 hit(s), 0 error(s), 0 left on base; Salt Lake City 4 - Oceanside 0
TOP OF THE 7TH
Salt Lake City Buzz batting - Pitching for Oceanside Aviators : RHP Jim Unknown
Batting: RHB Larry Brown 0-0: Called Strike
0-1: Ball
1-1: Ball
2-1: Fly out, F9 (Flyball, 9S)
Batting: LHB George Huffman 0-0: Called Strike
0-1: Swinging Strike
0-2: Foul Ball, location: 2F
0-2: Foul Ball, location: 2F
0-2: Foul Ball, location: 2F
0-2: Foul Ball, location: 2F
0-2: Foul Ball, location: 2F
0-2: SOLO HOME RUN (Flyball, 9D), Distance : 393 ft
Pitching: LHP José Ortíz
Batting: RHB Bernardo Cruz 0-0: Foul Ball, location: 2F
0-1: Ball
1-1: Ball
2-1: Swinging Strike
2-2: Fly out, F8 (Flyball, 8RM)
Batting: RHB Roberto Ríos 0-0: SINGLE (Flyball, 3D)
Batting: RHB Ichiyo Fujii 0-0: Ball
1-0: Called Strike
1-1: Ball
2-1: Ball
3-1: 2-RUN HOME RUN (Line Drive, 7D), Distance : 383 ft
Batting: LHB Martín Núñes 0-0: Called Strike
0-1: Swinging Strike
0-2: Ball
1-2: Foul Ball, location: 2F
1-2: Foul Ball, location: 2F
1-2: Foul Ball, location: 2F
1-2: Ball
2-2: Foul Ball, location: 2F
2-2: Foul Ball, location: 2F
2-2: Strikes out swinging
Top of the 7th over - 3 run(s), 3 hit(s), 0 error(s), 0 left on base; Salt Lake City 7 - Oceanside 0
BOTTOM OF THE 7TH
Oceanside Aviators batting - Pitching for Salt Lake City Buzz : RHP Don Cunningham
Batting: RHB Paco Rodríguez 0-0: Ball
1-0: Called Strike
1-1: Ball
2-1: Foul Ball, location: 2F
2-2: Ball
3-2: Foul Ball, location: 2F
3-2: SINGLE (Groundball, 56D)
Batting: RHB Kyle Bywaters 0-0: Ball
1-0: Swinging Strike
1-1: Ball
2-1: Ground out 6-3 (Groundball, 6)
Paco Rodríguez to second
Batting: RHB Jesús Martínez 0-0: Foul Ball, location: 2F
0-1: Fly out, F6 (Line Drive, 6)
Batting: RHB Sang-yeon Kim 0-0: Ball
1-0: Ground out 6-3 (Groundball, 6)
Bottom of the 7th over - 0 run(s), 1 hit(s), 0 error(s), 1 left on base; Salt Lake City 7 - Oceanside 0
TOP OF THE 8TH
Salt Lake City Buzz batting - Pitching for Oceanside Aviators : LHP José Ortíz
Batting: SHB Wayne Saunders 0-0: Called Strike
0-1: Foul Ball, location: 2F
0-2: Ball
1-2: Ball
2-2: Ball
3-2: Fly out, F8 (Line Drive, 8RM)
Batting: SHB Raymond Bright 0-0: Swinging Strike
0-1: Foul Ball, location: 2F
0-2: Ball
1-2: Foul Ball, location: 2F
1-2: Ground out 5-3 (Groundball, 5S)
Pinch Hitting: RHB Roger Osborne 0-0: Ball
1-0: Called Strike
1-1: Called Strike
1-2: Ground out 6-3 (Groundball, 6)
Top of the 8th over - 0 run(s), 0 hit(s), 0 error(s), 0 left on base; Salt Lake City 7 - Oceanside 0
BOTTOM OF THE 8TH
Oceanside Aviators batting - Pitching for Salt Lake City Buzz : RHP Don Cunningham
Now in RF: Roger Osborne
Batting: RHB Lorenzo Sabastro 0-0: Ball
1-0: Called Strike
1-1: Called Strike
1-2: Ground out 5-3 (Groundball, 56)
Batting: LHB Guy Riley 0-0: Called Strike
0-1: Ball
1-1: Ball
2-1: Ball
3-1: Called Strike
3-2: Foul Ball, location: 2F
3-2: SINGLE (Groundball, 56D)
Batting: RHB Randy García 0-0: Ball
1-0: Ground out 5-3 (Groundball, 5S)
Guy Riley to second
Batting: RHB Dan Finch 0-0: Called Strike
0-1: Ball
1-1: Ball
2-1: Ball
3-1: Called Strike
3-2: Base on Balls
Batting: RHB Billy Strauss 0-0: Ball
1-0: Foul Ball, location: 2F
1-1: Ball
2-1: Ground out 5-3 (Groundball, 5)
Bottom of the 8th over - 0 run(s), 1 hit(s), 0 error(s), 2 left on base; Salt Lake City 7 - Oceanside 0
TOP OF THE 9TH
Salt Lake City Buzz batting - Pitching for Oceanside Aviators : LHP José Ortíz
Pitching: LHP Jaime Carrión
Batting: RHB Larry Brown 0-0: Called Strike
0-1: Swinging Strike
0-2: Ball
1-2: Ball
2-2: Ball
3-2: Base on Balls
Batting: LHB George Huffman 0-0: Ball
1-0: Ball
2-0: Sac Bunt - play at first, batter OUT! 1-4
Larry Brown to second
Batting: RHB Bernardo Cruz 0-0: Ball
1-0: Ball
2-0: Ball
3-0: Base on Balls
Batting: RHB Roberto Ríos 0-0: Called Strike
0-1: Ball
1-1: Called Strike
1-2: Strikes out swinging
Batting: RHB Ichiyo Fujii 0-0: Ball
1-0: Called Strike
1-1: Swinging Strike
1-2: Foul Ball, location: 2F
1-2: Ground out 5-3 (Groundball, 5S)
Top of the 9th over - 0 run(s), 0 hit(s), 0 error(s), 2 left on base; Salt Lake City 7 - Oceanside 0
BOTTOM OF THE 9TH
Oceanside Aviators batting - Pitching for Salt Lake City Buzz : RHP Don Cunningham
Now at C: Archie Green
Batting: RHB Paco Rodríguez 0-0: Ball
1-0: Swinging Strike
1-1: Ball
2-1: Ball
3-1: Base on Balls
Batting: RHB Kyle Bywaters 0-0: Called Strike
0-1: Ball
1-1: SINGLE (Groundball, 56D)
Paco Rodríguez to second
Batting: RHB Jesús Martínez 0-0: Called Strike
0-1: Ball
1-1: Fly out, F9 (Flyball, 89S)
Pitching: RHP Powell Horne
Batting: RHB Sang-yeon Kim 0-0: Called Strike
0-1: Ball
1-1: Fly out, F4 (Line Drive, 4)
1-1: Lined into DP, 4-6 (Line Drive, 4)
Bottom of the 9th over - 0 run(s), 1 hit(s), 0 error(s), 1 left on base; Salt Lake City 7 - Oceanside 0
This league is powered by Out of the Park Baseball, the baseball management simulation game for PC, Mac and Linux
Friday, January 22nd, 2016 - OOTP Baseball 16.9 Build 39